 Dungeon Crawl Stone Soup version 0.20-a0-556-g892c87b (webtiles) character file.

24 polly the Sneak (level 2, 0/14 HPs)
             Began as a Spriggan Assassin on Feb 5, 2017.
             Slain by a bat (1 damage)
             ... on level 2 of the Dungeon.
             The game lasted 00:01:29 (842 turns).

polly the Sneak (Spriggan Assassin)                  Turns: 842, Time: 00:01:29

Health: 0/14       AC:  3    Str:  7    XL:     2   Next: 79%
Magic:  3/3        EV: 17    Int: 12    God:
Gold:   89         SH:  0    Dex: 17    Spells: 1/1 levels left

rFire    . . .     SeeInvis +   b - +0 blowgun
rCold    . . .     Gourm    .   c - +0 robe
rNeg     . . .     Faith    .   (shield restricted)
rPois    .         Spirit   .   (helmet restricted)
rElec    .         Reflect  .   d - +0 cloak
rCorr    .         Harm     .   (gloves unavailable)
MR       .....                  (boots unavailable)
Stlth    ++++......             (no amulet)
Regen    0.1/turn               (no ring)
                                (no ring)

@: very quick
A: unfitting armour, see invisible, herbivore 3, speed 3, slow metabolism 2
a: no special abilities


You were on level 2 of the Dungeon.
You were not hungry.

You visited 1 branch of the dungeon, and saw 2 of its levels.

You collected 89 gold pieces.

Inventory:

Hand Weapons
 a - a +2 dagger
 b - a +0 blowgun (weapon)
Missiles
 e - 2 poisoned needles (quivered)
 f - 2 curare-tipped needles
Armour
 c - a +0 robe (worn)
 d - a +0 cloak (worn)
Jewellery
 n - a +2 ring of strength {unknown}
Scrolls
 h - a scroll of magic mapping {unknown}
 i - a scroll of teleportation {unknown}
 l - a scroll of amnesia {unknown}
 m - a scroll of identify {unknown}
Potions
 j - a potion of heal wounds {unknown}
 k - a potion of flight {unknown}
Comestibles
 g - a bread ration


   Skills:
 + Level 1.5 Fighting
 + Level 2.4 Short Blades
 - Level 2.0 Throwing
 + Level 1.7 Dodging
 * Level 7.1 Stealth


You had one spell level left.
You didn't know any spells.

Dungeon Overview and Level Annotations

Branches:
Dungeon (2/15)

Altars:


Innate Abilities, Weirdness & Mutations

You are very small and have problems with some larger weapons.
You are too small for most types of armour.
You have supernaturally acute eyesight. (SInv)
You are a herbivore.
You cover ground extremely quickly.
You need consume almost no food.


Message History

Aim: a bat You shoot a poisoned needle.
The poisoned needle hits the bat.
The bat is poisoned.
The bat misses you.
Firing (i - inventory. (,) - cycle):
e - 4 poisoned needles (quivered)
Press: ? - help, Shift-Dir - straight line, f - gnoll, p - bat
Aim: a gnoll, wielding a spear You shoot a poisoned needle.
The poisoned needle hits the kobold.
The kobold looks even sicker.
The kobold is severely wounded.
You kill the kobold!
The bat hits you.
* * * LOW HITPOINT WARNING * * *
Firing (i - inventory. (,) - cycle):
e - 3 poisoned needles (quivered)
Press: ? - help, Shift-Dir - straight line, f/p - gnoll
Aim: a gnoll, wielding a spear You shoot a poisoned needle.
The poisoned needle hits the gnoll.
The gnoll is poisoned.
The bat closely misses you. The bat barely misses you.
Unknown command.
The bat hits you.
You die...

#.# #.# #.# #.# #.#
#.# #.# #.# #.# #.#
#.# #.#
##.###.#######
#$@b.(..g)().######
#..###.#####<#.....
#..# #.## #....####
#..# .....#K...##
#########.......###
#..........#
##.......#.#
#..#...###.#
#......# #b#


You could see a gnoll and a bat.

Vanquished Creatures
  A gnoll (D:2)
  3 bats (D:1)
  A giant cockroach (D:1)
  2 goblins (D:1)
  4 kobolds
  A ball python (D:1)
  A frilled lizard (D:1)
  2 rats (D:1)
15 creatures vanquished.

Notes
Turn   | Place    | Note
-------+----------+-------------------------------------------
     0 | D:1      | polly the Spriggan Assassin began the quest for the Orb.
     0 | D:1      | Reached XP level 1. HP: 10/10 MP: 2/2
   113 | D:1      | Reached skill level 6 in Stealth
   422 | D:1      | Reached XP level 2. HP: 13/14 MP: 3/3
   833 | D:2      | Reached skill level 7 in Stealth
   842 | D:2      | Slain by a bat

Vault maps used:
D:1:      dpeg_arrival_another_circle
D:2:      lemuel_doored_altar, minitemple, first_bread

Skill      XL: |  1  2 |
---------------+-------+-----
Stealth        | 6 7 |  7.1
Fighting       | |  1.5
Short Blades   | |  2.4
Throwing       | |  2.0
Dodging        | |  1.7

Action                   || total
-------------------------++-------
Melee: Dagger            ||    26
 Fire: Blowgun           ||     6
 Stab: Sleeping          ||     8
Armor: Robe              ||     4
Dodge: Dodged            ||    23
